 Dungeon Crawl Stone Soup version 0.23.2-30-g0e89c35649 (webtiles) character file.

Game seed: 16098237335104949993

2330 Matador8 the Conjurer (level 9, 27/74 HPs)
             Began as a White Draconian Conjurer on June 17, 2019.
             Was a Believer of Sif Muna.
             Quit the game on level 1 of the Abyss on June 19, 2019.
             The game lasted 01:40:35 (11110 turns).

Matador8 the Conjurer (White Draconian Conjurer)   Turns: 11110, Time: 01:40:36

Health: 27/74      AC:  8    Str: 10    XL:     9   Next: 19%
Magic:  10/16      EV: 14    Int: 18    God:    Sif Muna [**....]
Gold:   761        SH:  0    Dex: 13    Spells: 1/18 levels left

rFire    . . .     SeeInvis .   a - +0 whip
rCold    + . .     Gourm    .   (no shield)
rNeg     . . .     Faith    .   (armour unavailable)
rPois    +         Spirit   .   (helmet restricted)
rElec    .         Reflect  .   (no cloak)
rCorr    .         Harm     .   f - +0 pair of gloves
MR       .....                  (no boots)
Stlth    ++........             (no amulet)
HPRegen  0.22/turn              j - ring of poison resistance
MPRegen  0.15/turn              (no ring)

@: no status effects
A: breathe frost, unfitting armour, cold resistance 1, cold-blooded, AC +7
a: Breathe Frost, Divine Energy, Renounce Religion


You were on level 1 of the Abyss.
You worshipped Sif Muna.
Sif Muna was pleased with you.
You were hungry.

You visited 2 branches of the dungeon, and saw 9 of its levels.
You visited the Abyss 1 time.
You also visited: Ossuary.

You collected 761 gold pieces.

Inventory:

Hand Weapons
 a - a +0 whip (weapon)
 b - a +0 hunting sling
Missiles
 n - 107 stones (quivered)
Armour
 f - a +0 pair of gloves (worn)
Jewellery
 j - a ring of poison resistance (left hand)
Wands
 B - a wand of polymorph (9)
 E - a wand of digging (4)
Scrolls
 c - 2 scrolls of enchant weapon
 d - a scroll of fog {unknown}
 e - 2 scrolls of blinking {unknown}
 g - 9 scrolls of remove curse
 k - a scroll of identify
 l - 2 scrolls of magic mapping
 m - a scroll of noise {unknown}
 s - a scroll of fear {unknown}
 u - a scroll of vulnerability {unknown}
 y - a scroll of enchant armour {unknown}
Potions
 i - a potion of lignification {unknown}
 o - 3 potions of heal wounds
 p - 2 potions of resistance {unknown}
 r - 2 potions of flight {unknown}
 t - 5 potions of curing
 v - a potion of mutation {unknown}
 w - a potion of berserk rage
 x - 5 potions of might
 z - 2 potions of brilliance {unknown}
 A - a potion of invisibility {unknown}
 C - a potion of degeneration {unknown}
 D - 2 potions of agility {unknown}
 G - 2 potions of magic {unknown}
Comestibles
 q - 8 rations


   Skills:
 + Level 5.1 Fighting
 - Level 2.2 Maces & Flails
 - Level 4.2 Dodging
 - Level 1.7 Stealth
 - Level 5.0 Spellcasting
 + Level 6.3 Conjurations
 - Level 5.0 Hexes
 - Level 3.4 Fire Magic


You had one spell level left.
You knew the following spells:

 Your Spells              Type           Power        Failure   Level  Hunger
a - Magic Dart            Conj           ####         1%          1    None
b - Dazzling Spray        Conj/Hex       ###...       3%          3    ##.....
c - Searing Ray           Conj           ####..       1%          2    #......
d - Iskenderun's Mystic   Conj           ####....     10%         4    ####...
e - Conjure Flame         Conj/Fire      ###.....     5%          3    ##.....
f - Fulminant Prism       Conj/Hex       ###.......   13%         4    ####...

Your spell library contained the following spells:

 Spells                   Type           Power        Failure   Level  Hunger
 Shock                    Conj/Air       ###.         3%          1    None
 Summon Small Mammal      Summ           #...         13%         1    None
 Slow                     Hex            ###.....     2%          2    #......
 Static Discharge         Conj/Air       ###.....     11%         3    ##.....
 Summon Guardian Golem    Hex/Summ       ##......     14%         3    ##.....
 Mephitic Cloud           Conj/Pois/Air  ##......     17%         3    ##.....
 Blink                    Tloc           N/A          21%         2    #......
 Call Imp                 Summ           #.......     21%         2    #......
 Swiftness                Chrm/Air       #.......     21%         2    #......
 Force Lance              Conj/Tloc      ###.....     34%         4    ####...
 Call Canine Familiar     Summ           #.......     36%         3    ##.....
 Lightning Bolt           Conj/Air       ###.......   69%         5    ######.
 Airstrike                Air            #.........   78%         4    ####...
 Summon Ice Beast         Ice/Summ       #.......     78%         4    ####...
 Summon Lightning Spire   Summ/Air       #.......     78%         4    ####...


Dungeon Overview and Level Annotations

Branches:
Dungeon (8/15)             Temple (1/1) D:6
   Lair: D:8-11

Altars:
Ashenzari
Cheibriados
Dithmenos
Elyvilon
Fedhas
Gozag
Hepliaklqana
Kikubaaqudgha
Makhleb
Nemelex Xobeh
Okawaru
Qazlal
Ru
Sif Muna
Trog
Uskayaw
Vehumet
Wu Jian
Xom
Yredelemnul
Zin
The Shining One

Annotations:
D:6 1 runed translucent door, exclusion: door, senseless's ghost, novice MiFi
D:8 Harold; Psyche


Innate Abilities, Weirdness & Mutations

You can breathe waves of freezing cold.
You can buffet flying creatures when you breathe cold.
Your icy white scales are hard. (AC +7)
You cannot fit into any form of body armour.
Your flesh is cold resistant. (rC+)
You are cold-blooded and may be slowed by cold attacks.


Message History

Casting: Magic Dart (safe; 1% risk of failure)
Confirm with . or Enter, or press ? or * to list all spells.
Aiming: Conjure Flame (safe; 5% risk of failure)
Press: ? - help, Dir - move target cursor The fire ignites!
You are feeling hungry.
The raiju bursts into living lightning!
The living lightning misses you.
The raiju blinks!
A green death comes into view.
Quiver which item? (- for none, * to show all) (? for menu, Esc to quit)
Okay, then.
Save game and exit?
Okay, then.
Okay, then.
Welcome back, Matador8 the White Draconian Conjurer.
Sif Muna whispers: I know many secrets...
Press ? for a list of commands and other information.
Cast which spell? (? or * to list)
Okay, then.
Are you sure you want to abandon this character and quit the game? (Confirm with "yes".)

# #. ######.# ## ##.#....
.## 2 ##...... .. #.#
...... .##...# ########
#..#####....###
......#.##.....ยง@....h.#
...... ###..#####......#
.. #.#.#.. . # .#..... ##
##.##.#...# .. ....
........... . ... ...
###### #...#.### .... ..
#...... ..... . ##..##.##
...... #.....# . .


You could see a green death (wandering) and a raiju.

Vanquished Creatures
  An ice beast (D:8)
  3 phantoms
  A sky beast (D:8)
  4 ogres
  A centaur (D:7)
  3 bullfrogs
  A small abomination (Abyss:1)
  A water moccasin zombie (D:8)
  3 scorpions
  The ghost of Frank the Skirmisher, a weakling OpFi (D:3)
  A howler monkey (D:8)
  A crimson imp (D:7)
  2 jellies
  A bullfrog skeleton (D:6)
  2 centaur skeletons
  An orc priest (D:4)
  4 hounds
  2 orc wizards (D:4)
  4 worker ants
  A big kobold zombie (Ossuary)
  A hound zombie (D:6)
  8 mummies (Ossuary)
  2 worker ant zombies
  Robin (D:2)
  A howler monkey skeleton (D:8)
  A gnoll (D:4)
  9 adders
  A shadow imp (D:8)
  An adder zombie (D:6)
  An adder skeleton (D:5)
  4 worms
  2 dart slugs (D:1)
  4 leopard geckos
  20 orcs
  2 ball pythons
  13 bats
  5 giant cockroaches
  3 gnoll zombies (Ossuary)
  6 goblins
  11 hobgoblins
  9 jackals
  7 kobolds
  3 quokkas
  5 frilled lizards
  A hobgoblin zombie (Ossuary)
  A jackal skeleton (D:4)
  A jackal zombie (D:5)
  4 orc zombies
  A quokka skeleton (D:4)
  A quokka zombie (D:5)
  12 rats
179 creatures vanquished.

Vanquished Creatures (others)
  A fulminant prism (D:8)
  4 starspawn tentacles (Abyss:1)
5 creatures vanquished.

Grand Total: 184 creatures vanquished

Notes
Turn   | Place    | Note
-------+----------+-------------------------------------------
     0 | D:1      | Matador8 the Draconian Conjurer began the quest for the
                  | Orb.
     0 | D:1      | Reached XP level 1. HP: 14/14 MP: 3/3
   118 | D:1      | Reached XP level 2. HP: 11/20 MP: 0/5
  1084 | D:1      | Reached XP level 3. HP: 23/26 MP: 1/6
  1251 | D:2      | Reached skill level 1 in Maces & Flails
  1772 | D:2      | Reached XP level 4. HP: 33/33 MP: 2/7
  1862 | D:2      | Noticed Robin
  1863 | D:2      | Reached skill level 5 in Conjurations
  1943 | D:2      | Killed Robin
  2321 | D:2      | Learned a level 3 spell: Dazzling Spray
  2611 | D:3      | Found a radiant altar of Vehumet.
  2644 | D:3      | Found a runed translucent gate.
  2644 | D:3      | Found a runed translucent gate.
  2644 | D:3      | Found a runed translucent gate.
  2645 | D:3      | Noticed Frank's ghost (weakling OpFi)
  2704 | D:3      | Found a hide-covered altar of Uskayaw.
  2859 | D:3      | Reached XP level 5. HP: 29/38 MP: 9/9
  3433 | D:3      | Killed Frank's ghost
  3433 | D:3      | Reached skill level 1 in Fighting
  4018 | D:3      | Learned a level 2 spell: Searing Ray
  4426 | D:4      | Noticed a phantom
  4529 | D:4      | Reached XP level 6. HP: 46/49 MP: 11/11
  5190 | D:4      | Found an iron altar of Okawaru.
  5190 | D:4      | Found a bloodstained altar of Trog.
  5571 | D:4      | Your scales start taking on an icy white colour.
  5571 | D:4      | Reached XP level 7. HP: 57/57 MP: 0/13
  5571 | D:4      | Gained mutation: Your flesh is cold resistant. (rC+) [White
                  | Draconian growth]
  5819 | D:5      | Entered Level 5 of the Dungeon
  5890 | D:5      | Found a deep blue altar of Sif Muna.
  6400 | D:5      | Reached skill level 6 in Conjurations
  6425 | D:5      | Found a sand-covered staircase.
  6443 | Ossuary  | Entered an ossuary
  7759 | D:6      | Learned a level 4 spell: Iskenderun's Mystic Blast
  7765 | D:6      | Reached XP level 8. HP: 67/67 MP: 7/14
  7797 | D:6      | Found a staircase to the Ecumenical Temple.
  7806 | D:6      | Learned a level 3 spell: Conjure Flame
  7821 | Temple   | Entered the Ecumenical Temple
  7923 | D:5      | Became a worshipper of Sif Muna the Loreminder
  8264 | D:6      | Found a runed translucent door.
  8276 | D:6      | Noticed senseless's ghost (novice MiFi)
  8352 | D:6      | Reached skill level 5 in Spellcasting
  8352 | D:6      | Reached skill level 1 in Hexes
  8506 | D:6      | Reached skill level 1 in Fire Magic
  8849 | D:7      | Reached * piety under Sif Muna
  9079 | D:7      | Found a burning altar of Makhleb.
  9079 | D:7      | Found a deep blue altar of Sif Muna.
  9110 | D:7      | Found an opulent altar of Gozag.
  9404 | D:8      | Noticed Harold
  9888 | D:7      | Reached XP level 9. HP: 47/72 MP: 3/16
 10241 | D:8      | Noticed Psyche
 10348 | D:8      | Reached ** piety under Sif Muna
 10348 | D:8      | Reached skill level 5 in Hexes
 10588 | D:8      | Learned a level 4 spell: Fulminant Prism
 10635 | D:8      | Reached skill level 5 in Fighting
 10782 | D:8      | Cast into level 1 of the Abyss (Psyche)
 10848 | Abyss:1  | Noticed a large abomination
 11024 | Abyss:1  | Noticed a tentacled starspawn
 11052 | Abyss:1  | Noticed a hell hog
 11109 | Abyss:1  | Noticed a green death
 11110 | Abyss:1  | Quit the game

Skill      XL: |  1  2  3  4  5  6  7  8  9 |
---------------+----------------------------+-----
Dodging        | 2 3 4 |  4.2
Maces & Flails | 1 2 |  2.2
Conjurations   | 5 6 |  6.3
Fighting       | 2 3 4 5 |  5.1
Spellcasting   | 3 4 5 |  5.0
Hexes          | 4 5 |  5.0
Fire Magic     | 3 |  3.4
Stealth        | |  1.7

Action                   |  1- 3 |  4- 6 |  7- 9 || total
-------------------------+-------+-------+-------++-------
Melee: Unarmed           |    45 |       |       ||    45
       Tailslap          |     8 |    20 |    28 ||    56
       Whip              |    54 |   188 |   243 ||   485
 Fire: Hunting sling     |       |     1 |       ||     1
 Cast: Magic Dart        |    61 |   111 |   269 ||   441
       Dazzling Spray    |       |     5 |    21 ||    26
       Searing Ray       |       |     5 |     7 ||    12
       Iskenderun's Myst |       |       |     3 ||     3
       Conjure Flame     |       |       |     7 ||     7
       Fulminant Prism   |       |       |     1 ||     1
 Abil: Breathe Frost     |       |       |     2 ||     2
  Use: Scroll            |       |     3 |     6 ||     9
       Potion            |       |       |     2 ||     2
 Stab: Sleeping          |     1 |     1 |     1 ||     3
       Invisible         |       |       |     3 ||     3
  Eat: Chunk             |     4 |     7 |    12 ||    23
       Ration            |       |     2 |     2 ||     4
Armor: Skin              |    45 |    56 |   108 ||   209
Dodge: Dodged            |    84 |   140 |   235 ||   459
